 Dungeon Crawl Stone Soup version 0.20.1-1-g8b1a95d (webtiles) character file.

7903 ReteAZ the Grappler (level 11, -15/107 HPs)
             Began as a Troll Arcane Marksman on July 29, 2017.
             Was a Believer of Elyvilon.
             Hit by a large rock thrown by a stone giant (29 damage)
             ... on level 9 of the Dungeon on July 30, 2017.
             The game lasted 00:44:46 (8166 turns).

ReteAZ the Grappler (Troll Arcane Marksman)         Turns: 8166, Time: 00:44:46

Health: -15/107    AC:  9    Str: 27    XL:     11   Next: 2%
Magic:  0/11       EV: 12    Int: 11    God:    Elyvilon [**....]
Gold:   347        SH:  0    Dex:  9    Spells: 11/12 levels left

rFire    + . .     SeeInvis .     - Unarmed
rCold    + . .     Gourm    +   (no shield)
rNeg     + . .     Faith    .   a - +0 robe
rPois    +         Spirit   +   C - +2 hat {MR+}
rElec    +         Reflect  .   E - +0 cloak
rCorr    +         Harm     .   (gloves unavailable)
MR       +....                  (boots unavailable)
Stlth    +.........             D - amulet of guardian spirit
Regen    0.7/turn               H - ring of positive energy
MPRegen  0.2/turn               (no ring)

@: mighty, about to teleport, resistant, very slightly contaminated
A: unfitting armour, claws 3, rugged brown scales 1, clumsy 1, fast metabolism
3, gourmand, regeneration 1, shaggy fur 1, strong 1, tough skin 2
a: Lesser Healing, Heal Other, Divine Protection, Renounce Religion


You were on level 9 of the Dungeon.
You worshipped Elyvilon.
Elyvilon was pleased with you.
You were completely stuffed.

You visited 2 branches of the dungeon, and saw 11 of its levels.
You also visited: Ossuary.

You collected 738 gold pieces.
You spent 391 gold pieces at shops.

Inventory:

Missiles
 d - 2 throwing nets
 r - 4 large rocks (quivered)
Armour
 a - a +0 robe (worn)
 C - a +2 hat of magic resistance (worn)
 E - a +0 cloak (worn)
 M - +0 acid dragon scales
Jewellery
 o - an uncursed ring of ice
 D - an amulet of guardian spirit (around neck)
 H - a ring of positive energy (left claw)
Wands
 j - a wand of disintegration (9/24)
 p - a wand of digging (5/24)
 y - a wand of acid (6/15)
 J - a wand of disintegration (1/24)
Scrolls
 g - a scroll of teleportation
 h - 2 scrolls of immolation
 v - 8 scrolls of remove curse
Potions
 c - a potion of heal wounds
 i - a potion of cancellation
 n - 5 potions of berserk rage
 q - a potion of brilliance
 t - 5 potions of curing
 u - 3 potions of flight
 w - a potion of magic
 z - 2 potions of lignification {unknown}
 F - a potion of ambrosia {unknown}
 G - a potion of invisibility {unknown}
Books
 b - a book of Debilitation

   Spells                             Type                      Level
   a - Corona                         Hexes                        1
   b - Slow                           Hexes                        2
   c - Inner Flame                    Hexes/Fire                   3
   d - Portal Projectile              Hexes/Translocation          3
   e - Cause Fear                     Hexes                        4
   f - Leda's Liquefaction            Hexes/Earth                  4
 s - a book of Misfortune

   Spells                             Type                      Level
   a - Confusing Touch                Hexes                        1
   b - Confuse                        Hexes                        3
   c - Gell's Gravitas                Translocation                3
   d - Petrify                        Transmutation/Earth          4
   e - Metabolic Englaciation         Hexes/Ice                    5
   f - Yara's Violent Unravelling     Hexes/Transmutation          5
Miscellaneous
 K - a phial of floods
Comestibles
 f - 11 bread rations
 k - 4 royal jellies
 l - 3 fruits
 m - 5 meat rations


   Skills:
 * Level 5.3 Fighting
 - Level 1.7 Throwing
 - Level 6.0 Dodging
 + Level 13.6 Unarmed Combat
 - Level 1.0 Spellcasting
 - Level 2.0 Hexes
 - Level 0.5 Evocations


You had 11 spell levels left.
You knew the following spells:

 Your Spells              Type           Power        Failure   Level  Hunger
a - Corona                Hex            #......      14%         1    ##.....


Dungeon Overview and Level Annotations

Branches:
Dungeon (10/15)            Temple (1/1) D:4            Lair (0/6) D:10
    Orc: D:9-12

Altars:
Ashenzari
Cheibriados
Dithmenos
Elyvilon
Fedhas
Gozag
Hepliaklqana
Kikubaaqudgha
Makhleb
Nemelex Xobeh
Okawaru
Qazlal
Ru
Sif Muna
Trog
Uskayaw
Vehumet
Xom
Yredelemnul
Zin
The Shining One

Shops:
D:5 [?   D:9 *}

Annotations:
D:10 Urug


Innate Abilities, Weirdness & Mutations

You are too large for most types of armour.
You have claws for hands.
Your metabolism is lightning-fast.
You like to eat raw meat.
Your natural rate of healing is unusually fast.
You are covered in fur. (AC +1)
You have very tough skin. (AC +2)
You are partially covered in rugged brown scales. (AC +1, +3% HP)
You are clumsy. (Dex -2)
Your muscles are strong. (Str +2)


Message History

The stone giant is moderately wounded.
The basilisk changes into a black bear!
The black bear changes into a spriggan!
The stone giant hits you!!!
You mangle the stone giant!!
The stone giant is heavily wounded.
The stone giant hits you!!
You mangle the stone giant!!
The stone giant is severely wounded.
You claw the stone giant!
The stone giant is almost dead.
The stone giant hits you!!!
* * * LOW HITPOINT WARNING * * *
Blink to where?
Press: ? - help, Dir - move target cursor You are very lightly contaminated with residual magic.
As you read the scroll of blinking, it crumbles to dust.
As you read the scroll of teleportation, it crumbles to dust.
You feel strangely unstable.
The stone giant throws a large rock.
The large rock hits you!!
You die...

##.#########..(#.#.###########
#.# #...#.#.#.#.#..........
#.#####.#.....#)#.#..........
#.....#†###.#.#)#.#..........
#####.#...#.....)............
#.###.#.###.#...#########
#.###.#.....#####
#.....#######hD##
########@..##e|)# #.##C#TWc#
#.###'############
##.###.##.........
#...###.#.######## #.#..#
.#.#>. # #...#...#.#.# #
##.######.#.# #
#.#........######


You could see a stone giant, a centaur warrior, a deep troll and a freezing
wraith.

Vanquished Creatures
  3 two-headed ogres
  3 hippogriffs
  A wraith (D:8)
  A spriggan (D:7)
  A wyvern (D:8)
  2 hungry ghosts (D:8)
  The ghost of WobbleTop the Changer, an amateur OpTm (D:3)
  Edmund (D:6)
  An acid dragon (D:9)
  3 sky beasts
  Duvessa (D:4)
  3 black bears
  3 orc warriors
  A phantom (D:7)
  2 ice beasts
  5 ogres
  A centaur (D:8)
  2 crocodiles
  A big kobold (D:9)
  5 bullfrogs
  A gnoll sergeant (D:8)
  Dowan (D:4)
  A wyvern skeleton (D:6)
  7 scorpions
  5 wights
  6 crimson imps
  A bullfrog zombie (D:9)
  A quasit (D:9)
  6 hounds
  4 jellies
  9 orc wizards
  A centaur zombie (D:5)
  An orc priest (D:8)
  5 worker ants
  A big kobold zombie (Ossuary)
  2 hound zombies
  A hound skeleton (D:4)
  8 mummies (Ossuary)
  Robin (D:3)
  A howler monkey zombie (D:6)
  2 worker ant zombies
  12 adders
  2 shadow imps
  4 oozes
  2 adder skeletons
  An adder zombie (D:6)
  4 worms
  3 dart slugs
  3 leopard geckos
  18 orcs
  2 ball pythons (D:5)
  9 giant cockroaches
  4 gnoll zombies (Ossuary)
  15 goblins
  12 hobgoblins
  10 jackals
  4 bats
  6 frilled lizards
  A giant cockroach zombie (D:4)
  A hobgoblin zombie (Ossuary)
  7 kobolds
  2 kobold zombies (Ossuary)
  A quokka skeleton (D:8)
  3 rats
232 creatures vanquished.

Notes
Turn   | Place    | Note
-------+----------+-------------------------------------------
     0 | D:1      | ReteAZ the Troll Arcane Marksman began the quest for the Orb.
     0 | D:1      | Reached XP level 1. HP: 18/18 MP: 1/1
    15 | D:1      | Reached skill level 1 in Unarmed Combat
    56 | D:1      | Reached XP level 2. HP: 26/26 MP: 2/2
   168 | D:1      | Reached skill level 2 in Unarmed Combat
   458 | D:1      | Reached XP level 3. HP: 19/32 MP: 3/3
   829 | D:2      | Reached skill level 3 in Unarmed Combat
  1015 | D:2      | Found a glowing golden altar of the Shining One.
  1337 | D:3      | Noticed Robin
  1341 | D:2      | Reached XP level 4. HP: 40/40 MP: 4/4
  1370 | D:3      | Killed Robin
  1377 | D:3      | Reached skill level 4 in Unarmed Combat
  1455 | D:4      | Found a sand-covered staircase.
  1462 | Ossuary  | Entered an ossuary
  1586 | Ossuary  | Reached XP level 5. HP: 43/46 MP: 5/5
  1682 | Ossuary  | Reached skill level 5 in Unarmed Combat
  2007 | D:3      | Noticed WobbleTop's ghost (amateur OpTm)
  2028 | D:4      | Reached skill level 6 in Unarmed Combat
  2028 | D:4      | Reached XP level 6. HP: 51/54 MP: 6/6
  2080 | D:4      | Found a staircase to the Ecumenical Temple.
  2102 | Temple   | Entered the Ecumenical Temple
  2438 | D:4      | Reached skill level 7 in Unarmed Combat
  2450 | D:4      | Noticed Duvessa
  2451 | D:4      | Noticed Dowan
  2475 | D:4      | Killed Duvessa
  2475 | D:4      | Reached XP level 7. HP: 15/61 MP: 7/7
  2489 | D:4      | Gained mutation: You are clumsy. (Dex -2) [potion of mutation]
  2489 | D:4      | Gained mutation: Your muscles are strong. (Str +2) [potion of mutation]
  2489 | D:4      | Gained mutation: You are partially covered in rugged brown scales. (AC +1, +3% HP) [potion of mutation]
  2495 | D:4      | Killed Dowan
  2799 | D:4      | Found a stormy altar of Qazlal.
  2809 | D:4      | Reached skill level 8 in Unarmed Combat
  3000 | D:5      | Entered Level 5 of the Dungeon
  3063 | D:5      | Reached skill level 1 in Fighting
  3085 | D:5      | Found Ajekiovvao's Magic Scroll Emporium.
  3201 | D:5      | Found a white marble altar of Elyvilon.
  3222 | D:5      | Found a transporter.
  3259 | D:5      | Found a transporter.
  3318 | D:5      | Reached skill level 9 in Unarmed Combat
  3338 | D:5      | Bought a scroll of magic mapping for 42 gold pieces
  3348 | D:5      | Reached XP level 8. HP: 55/72 MP: 8/8
  3462 | D:5      | Found Ishri's Armour Shoppe.
  3470 | D:5      | Bought a +1 hat of magic resistance for 192 gold pieces
  3854 | D:3      | Killed WobbleTop's ghost
  4080 | D:5      | Became a worshipper of Elyvilon the Healer
  4146 | D:6      | Reached skill level 10 in Unarmed Combat
  4278 | D:6      | Noticed Edmund
  4298 | D:6      | Killed Edmund
  4347 | D:6      | Found a sparkling altar of Nemelex Xobeh.
  4347 | D:6      | Found a sacrificial altar of Ru.
  4353 | D:6      | Found a faded altar of an unknown god.
  4355 | D:6      | Found a hazy altar of Hepliaklqana.
  4356 | D:6      | Found a snail-covered altar of Cheibriados.
  4685 | D:6      | Reached skill level 11 in Unarmed Combat
  4710 | D:6      | Reached XP level 9. HP: 62/78 MP: 5/9
  4899 | D:7      | Reached * piety under Elyvilon
  5349 | D:7      | Reached skill level 12 in Unarmed Combat
  5713 | D:7      | You fall through a shaft for 3 floors!
  5713 | D:10     | Entered Level 10 of the Dungeon
  5713 | D:10     | Noticed a death yak
  5713 | D:10     | Noticed a death yak
  5715 | D:10     | Noticed a death yak
  5715 | D:10     | Found a staircase to the Lair.
  5720 | D:10     | Noticed Urug
  5724 | D:10     | Reached ** piety under Elyvilon
  6430 | D:8      | Reached skill level 5 in Dodging
  6454 | D:8      | Reached XP level 10. HP: 40/94 MP: 3/10
  6789 | D:8      | Noticed a two-headed ogre
  7043 | D:8      | Killed a two-headed ogre
  7309 | D:8      | Noticed a two-headed ogre
  7317 | D:8      | Killed a two-headed ogre
  7566 | D:9      | Found Caet's General Store.
  7569 | D:9      | Reached skill level 5 in Fighting
  7574 | D:9      | Reached skill level 13 in Unarmed Combat
  7580 | D:9      | Bought a scroll of blinking for 112 gold pieces
  7580 | D:9      | Bought a scroll of teleportation for 45 gold pieces
  7763 | D:9      | Noticed a two-headed ogre
  7777 | D:9      | Killed a two-headed ogre
  7777 | D:9      | Reached XP level 11. HP: 97/107 MP: 9/11
  7911 | D:9      | Found Sauc's Gadget Shoppe.
  8155 | D:9      | Found a runed door.
  8155 | D:9      | Noticed a centaur warrior
  8156 | D:9      | Noticed a stone giant
  8157 | D:9      | Noticed a deep elf archer
  8157 | D:9      | Noticed a deep troll
  8157 | D:9      | Noticed an ice dragon
  8166 | D:9      | Hit by a large rock thrown by a stone giant

Skill      XL: |  1  2  3  4  5  6  7  8  9 10 |
---------------+-------------------------------+-----
Unarmed Combat | 1 2 3 4 6 7 9 11 12 13 | 13.6
Fighting       | 1 3 5 |  5.3
Dodging        | 2 5 6 |  6.0
Throwing       | |  1.7
Spellcasting   | |  1.0
Hexes          | |  2.0
Evocations     | |  0.5

Action                   |  1- 3 |  4- 6 |  7- 9 | 10-12 || total
-------------------------+-------+-------+-------+-------++-------
Melee: Unarmed           |   132 |   182 |   326 |   122 ||   762
       Punch             |       |     3 |    18 |     8 ||    29
Throw: Large rock        |       |     8 |     7 |     1 ||    16
 Cast: Corona            |       |       |     2 |       ||     2
Evoke: Wand              |       |       |     1 |     3 ||     4
  Use: Scroll            |       |     1 |    17 |     5 ||    23
       Potion            |       |       |     5 |     2 ||     7
 Stab: Sleeping          |       |       |     1 |       ||     1
  Eat: Chunk             |    14 |    14 |    40 |    20 ||    88
Armor: Robe              |    48 |    43 |    92 |    36 ||   219
Dodge: Dodged            |    59 |    90 |   122 |    52 ||   323
